 Dungeon Crawl Stone Soup version 0.25-a0-565-g8875c97ebb (webtiles) character file.

Game seed: 8403857802211080077, levelgen mode: deterministic

10645 Gargoyl the Spear-Bearer (level 11, -4/89 HPs)
             Began as a Centaur Abyssal Knight on Feb 26, 2020.
             Was a High Priest of Lugonu.
             Slain by an orc knight
             ... wielding a +0 great sword
              (12 damage)
             ... on level 10 of the Dungeon.
             The game lasted 00:15:22 (10634 turns).

Gargoyl the Spear-Bearer (Centaur Abyssal Knight)  Turns: 10634, Time: 00:15:23

Health: -4/89      AC: 16    Str: 15    XL:     11   Next: 38%
Magic:  16/16      EV:  4    Int: 11    God:    Lugonu [*****.]
Gold:   239        SH:  0    Dex: 18    Spells: 10/10 levels left

rFire    . . .     SeeInvis .   g - +6 glaive "Ynaekh" {flame, +Blink Str-2 Dex+8 Stlth-}
rCold    . . .     Gourm    .   (shield currently unavailable)
rNeg     + + .     Faith    .   F - +1 plate armour {rPois}
rPois    +         Spirit   .   w - +1 helmet
rElec    .         Reflect  .   n - +0 cloak
rCorr    .         Harm     .   y - +0 pair of gloves
MR       .....                  (no barding)
Stlth    ..........             (no amulet)
HPRegen  0.24/turn              s - ring of positive energy
MPRegen  0.15/turn              C - ring of positive energy

@: about to teleport, slowed
A: large, hooves 3, deformed body, speed 2, tough skin 3
a: Depart the Abyss, Bend Space, Banish, Corrupt, Enter the Abyss, Renounce
Religion, Evoke Blink


You were on level 10 of the Dungeon.
You worshipped Lugonu.
Lugonu was extremely pleased with you.
You were not hungry.

You visited 1 branch of the dungeon, and saw 10 of its levels.
You visited the Abyss 1 time.

You collected 655 gold pieces.
You spent 416 gold pieces at shops.

Inventory:

Hand Weapons
 a - a +1 hand axe
 g - the +6 glaive "Ynaekh" (weapon) {flame, +Blink Str-2 Dex+8 Stlth-}
   (You found it on level 2 of the Abyss)

   It has been specially enchanted to burn those struck by it, causing extra
   injury to most foes and up to half again as much damage against particularly
   susceptible opponents.
   Big, fiery blades are also staple armaments of hydra-hunters.
   It affects your strength (-2).
   It affects your dexterity (+8).
   It lets you blink.
   It makes you less stealthy.
 l - a +2 war axe
Missiles
 o - 23 boomerangs (quivered)
Armour
 i - a +1 scale mail
 n - a +0 cloak (worn)
 w - a +1 helmet (worn)
 y - a +0 pair of gloves (worn)
 F - a +1 plate armour of poison resistance (worn)
Jewellery
 f - a cursed amulet of inaccuracy {unknown}
 s - a ring of positive energy (left hand)
 C - a ring of positive energy (right hand)
 J - an uncursed ring of flight
Wands
 b - a wand of digging (3)
 d - a wand of acid (8)
 p - a wand of polymorph (8)
 z - a wand of enslavement (5)
 B - a wand of paralysis (3)
 I - a wand of clouds (6)
Scrolls
 e - a scroll of identify
 m - 5 scrolls of remove curse
 v - 4 scrolls of teleportation
 E - a scroll of fog
Potions
 h - a potion of flight
 j - 2 potions of berserk rage
 k - 3 potions of heal wounds
 q - a potion of brilliance
 r - a potion of mutation {unknown}
 t - a potion of haste {unknown}
 u - a potion of stabbing
 x - 2 potions of curing
 A - a potion of ambrosia {unknown}
 G - 2 potions of might {unknown}
Comestibles
 c - 25 rations


   Skills:
 + Level 6.2 Fighting
 + Level 1.8(7.7) Axes
 * Level 11.6(11.7) Polearms
 + Level 1.0 Throwing
 * Level 5.8 Armour
 * Level 4.4 Dodging
 * Level 7.1 Invocations


You had 10 spell levels left.
You didn't know any spells.
Your spell library contained the following spells:

 Spells                   Type           Power        Failure   Level  Hunger
 Sting                    Tmut/Pois      #...         100%        1    ##.....
 Poisonous Vapours        Pois/Air       #.....       100%        2    ###....
 Ignite Poison            Fire/Tmut/Pois #.......     100%        3    ####...
 Mephitic Cloud           Conj/Pois/Air  #.......     100%        3    ####...
 Olgreb's Toxic Radiance  Pois           #.......     100%        4    #####..


Dungeon Overview and Level Annotations

Branches:
Dungeon (10/15)            Temple (0/1) D:5
   Lair: D:8-11         Orc: D:9-12

Altars:
Ashenzari
Cheibriados
Dithmenos
Fedhas
Gozag
Hepliaklqana
Makhleb
Ru
Sif Muna
Trog
Uskayaw
Vehumet
Xom

Shops:
D:7 [


Innate Abilities, Weirdness & Mutations

You have hooves in place of feet.
Armour fits poorly on your strangely shaped body.
You cover ground very quickly.
You have extremely tough skin. (AC +3)


Message History

Your kick misses the orc knight.
The orc knight is moderately wounded.
An ice beast comes into view.
The orc knight hits you with a +0 great sword!
You hit the orc knight but do no damage.
The orc knight is moderately wounded.
The orc knight hits you with a +0 great sword!
You hit the orc knight. You burn the orc knight.
You kick the orc knight, but do no damage.
The orc knight is moderately wounded.
A howler monkey zombie comes into view.
The red ugly thing basks in the mutagenic energy from its kin and changes!
The orc knight hits you with a +0 great sword!!
* * * LOW HITPOINT WARNING * * *
As you read the scroll of teleportation, it crumbles to dust.
You feel strangely unstable.
The orc knight hits you with a +0 great sword!
* * * LOW HITPOINT WARNING * * *
The orc knight hits you with a +0 great sword!
You die...

.....#.........................#
.....#.........................#
.......†.......................#
.#####################.###.....#
.#..##.# #.###.#.#/#.....#.....#
.#..#.####...#.#.#.#.#.#.#.....#
.###.##..#.#.......#.###.#.....#
.##.#..#(..###.#.#.#.#.#.#......
.#.##..###.# #.#@# #.....# ....
.###.### ### ###o# ###.###
.#.....# #u# #!#÷..# .#.#.#.#


?u$ #.#.#.# .#.#.#.# .$. #.#.#.# .# #.#.# #(Z?##.#.#.# .# #.#.# $#.#!#...#.# .#
#.### ##[#####.### .####..# #.....# You could see an orc knight, 2 ugly things
and a howler monkey zombie.

Vanquished Creatures
  A two-headed ogre (D:8)
  Pikel (D:3)
  An ugly thing (D:10)
  A cyclops (D:10)
  A gargoyle (D:10)
  A troll (D:9)
  4 hippogriffs
  3 wyverns
  The ghost of Emblim88 the Ruffian, an amateur TrWr (D:3)
  6 yaks
  A wraith (D:10)
  3 hogs (D:8)
  A human (D:8)
  A hungry ghost (D:9)
  Edmund (D:5)
  4 sky beasts
  3 slaves (D:3)
  An ice beast (D:7)
  6 orc warriors
  A necrophage (D:9)
  A hornet zombie (D:8)
  5 ogres
  A phantom (D:6)
  A crocodile (D:8)
  2 centaurs
  6 bullfrogs
  A gnoll sergeant (D:8)
  4 scorpions
  5 wights (D:9)
  4 howler monkeys
  A bullfrog zombie (D:4)
  4 crimson imps
  A quasit (D:8)
  2 centaur zombies
  5 hounds
  A gnoll shaman (D:7)
  6 orc priests
  4 bullfrog skeletons
  2 iguanas
  11 orc wizards
  A centaur skeleton (D:8)
  8 worker ants
  2 hound zombies
  2 hound skeletons
  2 worker ant zombies
  A howler monkey zombie (D:4)
  12 gnolls
  A howler monkey skeleton (D:7)
  15 adders
  3 shadow imps
  2 oozes
  5 adder skeletons
  3 adder zombies
  3 worms
  4 dart slugs
  6 leopard geckos
  52 orcs
  8 giant cockroaches
  6 goblins
  9 hobgoblins
  19 jackals
  4 quokkas
  12 bats
  10 frilled lizards
  A giant cockroach zombie (D:4)
  10 kobolds
  A leopard gecko skeleton (D:7)
  A leopard gecko zombie (D:3)
  10 rats
322 creatures vanquished.

Vanquished Creatures (others)
  A tengu warrior (D:9)
  An orc wizard (D:9)
2 creatures vanquished.

Grand Total: 324 creatures vanquished

Notes
Turn   | Place    | Note
-------+----------+-------------------------------------------
     0 | Abyss:1  | Gargoyl the Centaur Abyssal Knight began the quest for the
                  | Orb.
     0 | Abyss:1  | Reached XP level 1. HP: 19/19 MP: 2/2
    93 | Abyss:2  | Found a basalt altar of Yredelemnul.
   113 | Abyss:2  | Found a corrupted altar of Lugonu.
   128 | Abyss:2  | Got a fine glaive
   129 | Abyss:2  | Identified the +6 glaive "Ynaekh" {flame, +Blink Str-2
                  | Dex+8 Stlth-} (You found it on level 2 of the Abyss)
   191 | Abyss:2  | Noticed an ancient zyme
   192 | Abyss:2  | Noticed an ancient zyme
   209 | Abyss:2  | Noticed an orange demon
   220 | Abyss:2  | Noticed a raiju
   221 | Abyss:2  | Noticed a tentacled starspawn
   222 | D:1      | Escaped the Abyss
   494 | D:1      | Reached XP level 2. HP: 18/26 MP: 3/3
   520 | D:1      | Reached * piety under Lugonu
   563 | D:1      | Reached skill level 1 in Polearms
   954 | D:1      | Reached XP level 3. HP: 31/31 MP: 4/4
  1349 | D:2      | Reached skill level 2 in Polearms
  1454 | D:2      | Reached ** piety under Lugonu
  1545 | D:2      | Reached XP level 4. HP: 27/38 MP: 5/5
  1559 | D:2      | Reached skill level 1 in Dodging
  1992 | D:2      | Reached XP level 5. HP: 37/45 MP: 6/6
  2277 | D:3      | Reached skill level 3 in Polearms
  2370 | D:3      | Reached *** piety under Lugonu
  2781 | D:3      | Found a runed translucent gate.
  2782 | D:3      | Found a runed translucent gate.
  2783 | D:3      | Found a runed translucent gate.
  2785 | D:3      | Noticed Emblim88's ghost (amateur TrWr)
  2810 | D:3      | Killed Emblim88's ghost
  2810 | D:3      | Reached skill level 4 in Polearms
  2810 | D:3      | Reached XP level 6. HP: 33/52 MP: 8/8
  3031 | D:4      | Noticed Pikel
  3031 | D:4      | Noticed a slave
  3031 | D:4      | Noticed a slave
  3031 | D:4      | Noticed a slave
  3033 | D:4      | Noticed a slave
  3051 | D:3      | Killed a slave
  3055 | D:3      | Killed a slave
  3208 | D:3      | Killed a slave
  3215 | D:3      | Killed Pikel
  3215 | D:3      | Reached skill level 5 in Polearms
  3215 | D:3      | Reached XP level 7. HP: 42/59 MP: 9/9
  3309 | D:4      | Reached skill level 1 in Throwing
  3313 | D:4      | Reached XP level 8. HP: 59/66 MP: 9/11
  3375 | D:4      | Found a sacrificial altar of Ru.
  3375 | D:4      | Found a shadowy altar of Dithmenos.
  3377 | D:4      | Found a blossoming altar of Fedhas.
  3381 | D:4      | Found a radiant altar of Vehumet.
  3382 | D:4      | Found a snail-covered altar of Cheibriados.
  3384 | D:4      | Found a shattered altar of Ashenzari.
  3385 | D:4      | Found a bloodstained altar of Trog.
  3503 | D:4      | You fall into a shaft and drop 2 floors!
  3647 | D:5      | Entered Level 5 of the Dungeon
  3748 | D:5      | Reached skill level 6 in Polearms
  4055 | D:5      | Found a burning altar of Makhleb.
  4088 | D:5      | Noticed Edmund
  4104 | D:5      | Killed Edmund
  4197 | D:4      | Reached **** piety under Lugonu
  4569 | D:5      | Reached skill level 7 in Polearms
  4611 | D:5      | Found a faded altar of an unknown god.
  4647 | D:5      | Found a staircase to the Ecumenical Temple.
  4725 | D:5      | Found a hazy altar of Hepliaklqana.
  4846 | D:5      | Found a hide-covered altar of Uskayaw.
  4860 | D:5      | Found a shimmering altar of Xom.
  5008 | D:5      | Reached XP level 9. HP: 72/72 MP: 12/12
  5271 | D:6      | Reached skill level 5 in Invocations
  5523 | D:6      | Reached skill level 8 in Polearms
  6333 | D:7      | Reached skill level 9 in Polearms
  6337 | D:7      | Reached skill level 5 in Fighting
  6591 | D:7      | Reached XP level 10. HP: 72/81 MP: 14/14
  6768 | D:7      | Reached ***** piety under Lugonu
  6804 | D:7      | Found Mudy's Armour Emporium.
  6807 | D:7      | Bought a +1 plate armour of poison resistance for 416 gold
                  | pieces
  7371 | D:8      | Found a shimmering blue altar of Sif Muna.
  7535 | D:8      | Reached skill level 10 in Polearms
  7667 | D:8      | Found an opulent altar of Gozag.
  7725 | D:8      | Reached skill level 5 in Armour
  7899 | D:8      | Noticed a two-headed ogre
  7906 | D:8      | Killed a two-headed ogre
  8987 | D:9      | Reached skill level 11 in Polearms
  9137 | D:9      | Noticed a tengu warrior
  9145 | D:9      | Banished a tengu warrior
  9145 | D:9      | Reached XP level 11. HP: 29/89 MP: 16/16
 10004 | D:10     | Entered Level 10 of the Dungeon
 10058 | D:10     | Noticed a cyan ugly thing
 10068 | D:10     | Killed a cyan ugly thing
 10624 | D:10     | Noticed an orc knight
 10625 | D:10     | Noticed a green ugly thing
 10629 | D:10     | Noticed a red ugly thing
 10634 | D:10     | Slain by an orc knight

Levels and vault maps discovered:
D:1:      minmay_arrival_solitary_statue, layout_basic
D:2:      layout_rooms, minmay_split_cup_small
D:3:      layout_basic, gammafunk_ghost_necromancy
D:4:      layout_cave_pools, minitemple, serial_undead, serial_undead_e,
          serial_undead_d, serial_undead_e, serial_undead_a, first_ration,
          uniq_pikel
D:5:      layout_gridville, grunt_temple_overflow_open,
          nicolae_temple_entry_ecumenical, makhleb_heckhound_becter, uniq_edmund
D:6:      layout_rooms
D:7:      layout_basic, serial_shops, nicolae_shop_crystal
D:8:      minmay_evil_eye, layout_loops_ring, nicolae_gozag_seed_capital,
          kennysheep_little_box, grunt_livestock
D:9:      layout_rooms, minivault_20
D:10:     minmay_the_grid_square_5x5_4x4 [minmay_the_grid_square_5x5_inner_i,
          minmay_the_grid_square_5x5_two, minmay_the_grid_square_5x5_minibox,
          minmay_the_grid_square_5x5_intrusive_squares,
          minmay_the_grid_square_5x5_tie,
          minmay_the_grid_square_5x5_prize_itemx,
          minmay_the_grid_square_5x5_prize_open, minmay_the_grid_square_5x5_c,
          minmay_the_grid_square_5x5_detours,
          minmay_the_grid_square_5x5_prize_monsterx,
          minmay_the_grid_square_5x5_prize_waves,
          minmay_the_grid_square_5x5_broken_cross,
          minmay_the_grid_square_5x5_percent, minmay_the_grid_square_5x5_three,
          minmay_the_grid_square_5x5_tetrominoes,
          minmay_the_grid_square_5x5_shrine2], layout_grid_maze,
          minmay_lair_entry_lava, minmay_orc_entry_temple_small

Skill      XL: |  1  2  3  4  5  6  7  8  9 10 11 |
---------------+----------------------------------+-----
Polearms       | 1 2 4 5 7 9 11 | 11.6
Dodging        | 1 2 3 4 |  4.4
Armour         | 2 3 4 5 |  5.8
Invocations    | 3 4 5 6 7 |  7.1
Fighting       | 4 5 6 |  6.2
Throwing       | 1 |  1.0
Axes           | |  1.8

Action                   |  1- 3 |  4- 6 |  7- 9 | 10-12 || total
-------------------------+-------+-------+-------+-------++-------
Melee: Glaive            |    83 |   154 |   245 |   288 ||   770
       Kick              |    10 |    33 |    52 |    72 ||   167
Throw: Boomerang         |       |     4 |       |       ||     4
Invok: Depart the Abyss  |     1 |       |       |       ||     1
       Banish            |       |       |       |     1 ||     1
  Use: Scroll            |     4 |       |    12 |     6 ||    22
       Potion            |     1 |     2 |     1 |       ||     4
  Eat: Chunk             |     1 |     4 |     7 |    13 ||    25
       Ration            |       |       |     1 |       ||     1
Armor: Leather armour    |     6 |       |       |       ||     6
       Scale mail        |    33 |   112 |   138 |       ||   283
       Skin              |       |     4 |       |       ||     4
       Plate armour      |       |       |       |   222 ||   222
Dodge: Dodged            |    46 |    97 |   128 |    75 ||   346

Table legend:
 A = Non-vault XP
 B = Vault XP
 C = Vault XP percentage of total XP
 D = Non-vault monster count
 E = Vault monster count
 F = Vault count percentage of total count
                 A         B        C        D         E       F
            +---------+---------+-------+---------+---------+-------
      Total |   10768 |    4440 |  29.2 |     285 |      35 |  10.9
            +---------+---------+-------+---------+---------+-------
        D:1 |      62 |       0 |   0.0 |      36 |       0 |   0.0
        D:2 |     130 |      10 |   7.1 |      33 |       3 |   8.3
        D:3 |     211 |     866 |  80.4 |      30 |       5 |  14.3
        D:4 |     446 |      99 |  18.2 |      11 |       6 |  35.3
        D:5 |     944 |     200 |  17.5 |      30 |       2 |   6.2
        D:6 |     933 |       0 |   0.0 |      28 |       0 |   0.0
        D:7 |    2161 |       0 |   0.0 |      30 |       0 |   0.0
        D:8 |    2426 |    1099 |  31.2 |      29 |       8 |  21.6
        D:9 |    2362 |     680 |  22.4 |      52 |       2 |   3.7
       D:10 |    1093 |    1486 |  57.6 |       6 |       9 |  60.0
            +---------+---------+-------+---------+---------+-------
